 Dungeon Crawl Stone Soup version 0.16-a0-328-gfd822c7 (webtiles) character file.

415 Ratboiler the Insei (level 6, -3/57 HPs)
             Began as an Octopode Transmuter on Sept 6, 2014.
             Killed by divine providence
             ... invoked by an orc priest
              (10 damage)
             ... on Level 4 of the Dungeon.
             The game lasted 00:16:17 (4813 turns).

Ratboiler the Insei (Octopode Transmuter)           Turns: 4813, Time: 00:16:17

HP  -3/57        AC 24     Str 10      XL: 6   Next: 92%
MP  10/10        EV  2     Int 15      God:
Gold 191         SH  0     Dex 14      Spells:  3 memorised,  3 levels left

rFire  . . .     SeeInvis .       - Unarmed
rCold  . . .     Clarity  .     (no shield)
rNeg   + + +     rCorr    .     (helmet restricted)
rPois  +         rRot     .     (no amulet)
rElec  .         Spirit   .     w - +1 ring of protection
SustAb .         Warding  .     (no ring)
rMut   .         NoTele   +     (ring currently unavailable)
Gourm  .                        (ring currently unavailable)
MR     .....                    (ring currently unavailable)
                                (ring currently unavailable)
                                (ring currently unavailable)
                                (ring currently unavailable)

@: confused, tree-form, not resistant to hostile enchantments, very unstealthy
A: almost no armour, amphibious, (8 rings), (constrict 8), (camouflage 0),
(gelatinous body 0)
a: no special abilities


You were on level 4 of the Dungeon.
You were very hungry.
You were an animated tree.
You visited 1 branch of the dungeon, and saw 4 of its levels.

You collected 191 gold pieces.

Inventory:

Hand weapons
 b - a +0 blowgun
Missiles
 f - 40 stones (quivered)
 i - 8 arrows of flame
 m - 27 poisoned needles
 u - 2 throwing nets
 x - 8 javelins
 y - 12 arrows
Armour
 c - a +0 shield
Magical devices
 s - a wand of fire (0)
Comestibles
 a - a bread ration
 n - 8 fruits
 t - 4 meat rations
 z - a rotting chunk of orc flesh
Scrolls
 g - a scroll of random uselessness
 j - a scroll of blinking
 o - a scroll of teleportation
 p - a scroll of magic mapping
 A - a scroll of enchant armour {unknown}
Jewellery
 w - a +1 ring of protection (left branch)
Potions
 h - a potion of restore abilities
 C - a potion of might
Books
 d - a book of Changes

   Spells                             Type                      Level
   *Beastly Appendage                 Transmutation                1
   *Sticks to Snakes                  Transmutation                2
   *Spider Form                       Transmutation/Poison         3
   Ice Form                           Ice/Transmutation            4
   Blade Hands                        Transmutation                5


   Skills:
 - Level 1.0 Fighting
 - Level 2.0 Dodging
 + Level 7.5 Unarmed Combat
 - Level 2.0 Spellcasting
 - Level 2.0 Transmutations


You had 3 spell levels left.
You knew the following spells:

 Your Spells              Type           Power        Failure   Level  Hunger
a - Beastly Appendage     Trmt           #.....       12%         1    #......
b - Sticks to Snakes      Trmt           #.........   14%         2    ###....
c - Spider Form           Trmt/Pois      #.........   43%         3    ####...


Dungeon Overview and Level Annotations

Branches:
Dungeon (4/15)
 Temple: D:4-7

Altars:
Okawaru

Annotations:
D:4 Afay's ghost, average MiFi; Eustachio; Sigmund


Innate Abilities, Weirdness & Mutations

You cannot wear most types of armour.
You are amphibious.
((You can wear up to eight rings at the same time.))
((You can use your tentacles to constrict many enemies at once.))
((Your skin changes colour to match your surroundings (Stealth).))
((Your rubbery body absorbs attacks (AC +1).))


Message History

You cannot teleport right now.
Read which item? (? for menu, Esc to quit)
As you read the scroll labeled NALU CAUPIRIROM, it crumbles to dust.
You feel aware of your surroundings.
It was a scroll of magic mapping.
Sigmund casts a spell at you. The puff of flame hits you!
Read which item? (? for menu, Esc to quit)
As you read the scroll labeled TRUTALL YSSIUDO, it crumbles to dust.
You assume a fearsome visage.
Sigmund looks frightened!
It was a scroll of fear.
Sigmund points at you and mumbles some strange words.
You are confused.
You cannot move. (Use ctrl+direction to attack without moving) Unknown command.
The orc priest shouts!
Sigmund casts a spell at you. You resist.
The orc priest calls down the wrath of Beogh upon you.
Something smites you!
You die...

#....# #########)##..###..
#....# #....###...##..
##...## ##..#.#...#.#..
#....###############.##.#.##.
#.............###.##.#..####.
#.....(.o..o....#.##...## ##
##<...######.)..@(....(# **
###...## #)).######### **,
###.....# ###♣.## ***,*
##......######....## *,,,*
#....#####.........# *,,**
#..### ##...###...## *,,,,
#.## #...## ###..# **,,, #.#
#..## #..# **** ..# ##.##
##.## .## #..# ##..########
## ##.## ##..........#


You could see Sigmund (fleeing) and an orc priest.

Vanquished Creatures
  An ogre (D:4)
  A scorpion (D:4)
  2 orc wizards (D:4)
  Ijyb (D:4)
  4 gnolls
  6 adders
  A shadow imp (D:4)
  2 worms
  3 giant geckos
  5 oozes
  12 orcs
  12 bats
  2 giant cockroaches
  10 hobgoblins
  13 jackals
  13 kobolds
  4 quokkas
  4 giant newts
  5 goblins
  9 rats
110 creatures vanquished.

Vanquished Creatures (collateral kills)
  A giant newt (D:4)
1 creature vanquished.

Grand Total: 111 creatures vanquished

Notes
Turn   | Place    | Note
--------------------------------------------------------------
     0 | D:1      | Ratboiler, the Octopode Transmuter, began the quest for the Orb.
     0 | D:1      | Reached XP level 1. HP: 13/13 MP: 3/3
   182 | D:1      | Reached XP level 2. HP: 16/18 MP: 4/4
   186 | D:1      | Learned a level 2 spell: Sticks to Snakes
   597 | D:1      | Reached skill level 4 in Unarmed Combat
   656 | D:1      | Reached XP level 3. HP: 1/23 MP: 4/6
   661 | D:1      | Learned a level 3 spell: Spider Form
  1619 | D:2      | Reached XP level 4. HP: 25/28 MP: 2/7
  1725 | D:2      | Reached skill level 5 in Unarmed Combat
  2473 | D:3      | Reached XP level 5. HP: 21/33 MP: 0/9
  2723 | D:3      | Found an iron altar of Okawaru.
  2964 | D:3      | Reached skill level 6 in Unarmed Combat
  3622 | D:4      | Noticed Sigmund
  3623 | D:4      | Noticed Afay's ghost (average MiFi)
  3681 | D:4      | Reached XP level 6. HP: 20/38 MP: 7/10
  3986 | D:4      | Noticed an ogre
  4030 | D:4      | Killed an ogre
  4030 | D:4      | Reached skill level 7 in Unarmed Combat
  4465 | D:4      | Noticed Ijyb
  4468 | D:4      | Noticed Eustachio
  4769 | D:4      | Killed Ijyb
  4813 | D:4      | Killed from afar by an orc priest

Action                   |  1- 3 |  4- 6 || total
-------------------------+-------+-------++-------
Melee: Unarmed           |   108 |   190 ||   298
 Fire: Blowgun           |       |     9 ||     9
Throw: Stone             |       |     3 ||     3
 Cast: Beastly Appendage |     8 |     7 ||    15
       Spider Form       |     3 |    15 ||    18
       Sticks to Snakes  |       |     5 ||     5
Evoke: Wand              |       |     1 ||     1
  Use: Scroll            |       |     6 ||     6
       Potion            |       |     4 ||     4
 Stab: Sleeping          |     2 |     4 ||     6
       Distracted        |       |     1 ||     1
  Eat: Chunk             |     3 |     8 ||    11
       Bread ration      |       |     1 ||     1
